 Dungeon Crawl Stone Soup version 0.25-a0-670-g50981ef (webtiles) character file.

Game seed: 13148423234826718496, levelgen mode: deterministic

49 rageheart7 the Skirmisher (level 3, 0/30 HPs)
             Began as a Demonspawn Abyssal Knight on Mar 29, 2020.
             Was a Follower of Lugonu.
             Slain by an orc wizard
             ... wielding a +0 dagger
              (2 damage)
             ... on level 2 of the Dungeon.
             The game lasted 00:02:09 (1193 turns).

rageheart7 the Skirmisher (DsAK)                    Turns: 1193, Time: 00:02:09

Health: 0/30       AC:  3    Str: 13    XL:     3   Next: 51%
Magic:  13/13      EV: 11    Int: 13    God:    Lugonu [*.....]
Gold:   62         SH:  0    Dex: 12    Spells: 2/2 levels left

rFire    . . .     SeeInvis .   a - +1 spear
rCold    . . .     Gourm    .   (no shield)
rNeg     . . .     Faith    .   b - +0 leather armour
rPois    .         Spirit   .   (no helmet)
rElec    .         Reflect  .   (no cloak)
rCorr    .         Harm     .   (no gloves)
MR       .....                  (no boots)
Stlth    +.........             (no amulet)
HPRegen  0.10/turn              g - ring of magical power
MPRegen  0.13/turn              (no ring)

@: lethally poisoned (0 -> -2), hasted, very quick
A: powered by pain 1, rot immunity
a: Depart the Abyss, Renounce Religion


You were on level 2 of the Dungeon.
You worshipped Lugonu.
Lugonu was aware of your devotion.
You were very hungry.

You visited 1 branch of the dungeon, and saw 2 of its levels.
You visited the Abyss 1 time.

You collected 62 gold pieces.

Inventory:

Hand Weapons
 a - a +1 spear (weapon)
Armour
 b - a +0 leather armour (worn)
Jewellery
 g - a ring of magical power (left hand)
Scrolls
 d - a scroll of remove curse {unknown}
Comestibles
 c - a ration


   Skills:
 * Level 4.0 Fighting
 * Level 2.6 Polearms
 - Level 1.7 Armour
 - Level 0.8 Dodging
 + Level 0.2 Stealth
 - Level 2.4 Invocations


You had 2 spell levels left.
You didn't know any spells.
Your spell library was empty.

Dungeon Overview and Level Annotations

Branches:
Dungeon (2/15)

Altars:


Innate Abilities, Weirdness & Mutations

You sometimes gain a little power by taking damage.
You are immune to rotting.


Message History

You hit the goblin.
You kill the goblin!
Lugonu accepts your kill.
The orc wizard hits you with a +0 dagger.
Items here: ( )) † a +0 dagger; a +0 hunting sling; 19 stones; a goblin corpse You barely miss the orc wizard.
You hit the orc wizard but do no damage.
The orc wizard hits you with a +0 dagger.
* * * LOW HITPOINT WARNING * * *
You closely miss the orc wizard.
You feel sick. The orc wizard completely misses you.
You barely miss the orc wizard.
You are feeling very hungry.
You barely miss the orc wizard.
The orc wizard hits you with a +0 dagger.
* * * LOW HITPOINT WARNING * * *
You closely miss the orc wizard.
The orc wizard hits you with a +0 dagger.
You die...

#..# ... .. #.# ..
#.## ### #.o#
##.#############@##
#.............(†..#
##.##############.#
#.# ###^####
#.##### #......#
#.....# #......#
#.....# #......#
#.....# #..<..[#
#.....# #......#


You could see an orc wizard.

Vanquished Creatures
  2 adders (D:2)
  A leopard gecko (D:1)
  6 goblins
  5 hobgoblins
  A kobold (D:1)
  7 bats
  3 frilled lizards
  5 rats
30 creatures vanquished.

Notes
Turn   | Place    | Note
-------+----------+-------------------------------------------
     0 | Abyss:1  | rageheart7 the Demonspawn Abyssal Knight began the quest
                  | for the Orb.
     0 | Abyss:1  | Reached XP level 1. HP: 18/18 MP: 2/2
     0 | D:1      | Escaped the Abyss
   158 | D:1      | Reached * piety under Lugonu
   158 | D:1      | Gained mutation: You sometimes gain a little power by
                  | taking damage. [demonic ancestry]
   158 | D:1      | Reached XP level 2. HP: 17/24 MP: 3/3
   850 | D:2      | Gained mutation: You are immune to rotting. [demonic
                  | ancestry]
   850 | D:2      | Reached XP level 3. HP: 5/30 MP: 4/4
  1179 | D:2      | Reached skill level 4 in Fighting
  1193 | D:2      | Slain by an orc wizard

Levels and vault maps discovered:
D:1:      minmay_arrival_doors, layout_loops_cross, patterned_corridor
D:2:      layout_basic, chequers_ecumenical_altar_island, uniq_robin

Skill      XL: |  1  2  3 |
---------------+----------+-----
Polearms       | 2 |  2.6
Fighting       | 4 |  4.0
Armour         | |  1.7
Dodging        | |  0.8
Stealth        | |  0.2
Invocations    | |  2.4

Action                   || total
-------------------------++-------
Melee: Spear             ||   125
Invok: Depart the Abyss  ||     1
  Use: Scroll            ||     2
       Potion            ||     3
 Stab: Distracted        ||     1
       Sleeping          ||     1
Armor: Leather armour    ||    38
       Skin              ||     1
Dodge: Dodged            ||    64

Table legend:
 A = Non-vault XP
 B = Vault XP
 C = Vault XP percentage of total XP
 D = Non-vault monster count
 E = Vault monster count
 F = Vault count percentage of total count
                 A         B        C        D         E       F
            +---------+---------+-------+---------+---------+-------
      Total |      70 |       0 |   0.0 |      30 |       0 |   0.0
            +---------+---------+-------+---------+---------+-------
        D:1 |      35 |       0 |   0.0 |      22 |       0 |   0.0
        D:2 |      35 |       0 |   0.0 |       8 |       0 |   0.0
            +---------+---------+-------+---------+---------+-------
